 Dungeon Crawl Stone Soup version 0.23.2-33-g5129a83184 (webtiles) character file.

Game seed: 10822682591149743596

225 Ivernyr the Skirmisher (level 6, 0/33 HPs)
             Began as a Vine Stalker Fighter on June 27, 2019.
             Slain by a hound (2 damage)
             ... on level 5 of the Dungeon.
             The game lasted 00:09:35 (3020 turns).

Ivernyr the Skirmisher (Vine Stalker Fighter)       Turns: 3020, Time: 00:09:36

Health: 0/33       AC:  8    Str: 20    XL:     6   Next: 1%
Magic:  0/7        EV:  7    Int:  8    God:
Gold:   159        SH:  9    Dex: 14    Spells: 5/5 levels left

rFire    . . .     SeeInvis .   a - +0 flail
rCold    . . .     Gourm    .   c - +0 shield
rNeg     . . .     Faith    .   b - +0 scale mail
rPois    .         Spirit   +   (no helmet)
rElec    .         Reflect  .   r - +0 cloak
rCorr    .         Harm     .   (no gloves)
MR       .....                  m - +0 pair of boots
Stlth    ..........             (no amulet)
HPRegen  0.51/turn              (no ring)
MPRegen  0.10/turn              (no ring)

@: drained
A: fangs 2, regeneration 1, magic shield, antimagic bite, no potion heal 3, rot
immunity
a: no special abilities


You were on level 5 of the Dungeon.
You were not hungry.

You visited 1 branch of the dungeon, and saw 5 of its levels.

You collected 159 gold pieces.

Inventory:

Hand Weapons
 a - a +0 flail (weapon)
Armour
 b - a +0 scale mail (worn)
 c - a +0 shield (worn)
 m - a +0 pair of boots (worn)
 r - a +0 cloak (worn)
Jewellery
 l - an uncursed amulet of the gourmand
Scrolls
 e - a scroll of amnesia {unknown}
 g - 2 scrolls of teleportation {unknown}
 i - a scroll of fear {unknown}
 k - a scroll of magic mapping {unknown}
 n - 3 scrolls of identify {unknown}
 q - 2 scrolls of enchant weapon {unknown}
 s - a scroll of remove curse {unknown}
 t - a scroll of enchant armour {unknown}
 u - a scroll of immolation {unknown}
 w - a scroll of blinking {unknown}
Potions
 d - 3 potions of might
 h - 3 potions of curing {unknown}
 j - 2 potions of lignification {unknown}
 o - a potion of haste {unknown}
 p - a potion of brilliance {unknown}
 x - a potion of flight {unknown}
 z - a potion of degeneration {unknown}
Comestibles
 f - 11 rations


   Skills:
 + Level 3.7(3.0) Fighting
 + Level 3.1(2.4) Maces & Flails
 + Level 3.3(2.6) Armour
 + Level 3.7(3.0) Shields


You had 5 spell levels left.
You didn't know any spells.
Your spell library contained the following spells:

 Spells                   Type           Power        Failure   Level  Hunger
 Corona                   Hex            #......      99%         1    ##.....
 Ensorcelled Hibernation  Hex/Ice        #.....       100%        2    ###....
 Confuse                  Hex            #.......     100%        3    ####...
 Dazzling Spray           Conj/Hex       #.....       100%        3    ####...
 Tukima's Dance           Hex            #.......     100%        3    ####...


Dungeon Overview and Level Annotations

Branches:
Dungeon (5/15)
 Temple: D:4-7

Altars:
Dithmenos
Trog
Wu Jian


Innate Abilities, Weirdness & Mutations

You have extremely sharp teeth.
Your natural rate of healing is unusually fast.
When hurt, damage is shared between your health and your magic reserves.
Your bite disrupts and absorbs the magic of your enemies.
Potions cannot restore your health.
You are immune to rotting.


Message History

The hound barks!
You barely miss the orc priest. You bite the orc priest. You drain its power.
You feel invigorated.
The orc priest is heavily wounded.
You hear a shout!
The hound barely misses you. You block the orc's attack. x2
The orc hits you but does no damage. x2
The orc priest hits you but does no damage.
The hound bites you.
* * * LOW HITPOINT WARNING * * *
The orc hits you but does no damage. You block the orc's attack.
The orc hits you but does no damage.
You hit the orc priest but do no damage.
The orc priest is heavily wounded.
The hound bites you.
* * * LOW HITPOINT WARNING * * *
You block the orc's attack.
The orc priest hits you but does no damage.
The hound bites you.
You die...

## ..### ..#
....h.###..?#..
#.oo@o......
......ooh......
...............
...............
.......##......
..##.## ##....
. ## #... ...


You could see 2 hounds, an orc priest and 4 orcs.

Vanquished Creatures
  An orc priest (D:5)
  An iguana (D:4)
  2 worker ants (D:4)
  3 adders
  2 oozes (D:3)
  An adder skeleton (D:4)
  A worm (D:4)
  3 leopard geckos
  2 orcs (D:3)
  12 bats
  3 giant cockroaches
  7 hobgoblins
  12 jackals
  6 kobolds
  A quokka (D:4)
  2 frilled lizards
  10 goblins
  5 rats
74 creatures vanquished.

Notes
Turn   | Place    | Note
-------+----------+-------------------------------------------
     0 | D:1      | Ivernyr the Vine Stalker Fighter began the quest for the
                  | Orb.
     0 | D:1      | Reached XP level 1. HP: 11/11 MP: 2/2
    92 | D:1      | Reached XP level 2. HP: 8/16 MP: 1/3
   615 | D:1      | Reached XP level 3. HP: 16/20 MP: 4/4
  1176 | D:2      | Found a shadowy altar of Dithmenos.
  1410 | D:2      | Found an ornate altar of the Wu Jian Council.
  1621 | D:3      | Gained mutation: Your natural rate of healing is unusually
                  | fast. [Vine Stalker growth]
  1621 | D:3      | Reached XP level 4. HP: 16/24 MP: 5/5
  1729 | D:3      | Found a bloodstained altar of Trog.
  2107 | D:4      | Reached XP level 5. HP: 10/28 MP: 2/6
  3012 | D:5      | Entered Level 5 of the Dungeon
  3015 | D:5      | Reached XP level 6. HP: 26/33 MP: 5/7
  3020 | D:5      | Slain by a hound

Skill      XL: |  1  2  3  4  5 |
---------------+----------------+-----
Maces & Flails | 2 3 |  3.1
Fighting       | 3 |  3.7
Shields        | 3 |  3.7
Armour         | 3 |  3.3

Action                   |  1- 3 |  4- 6 || total
-------------------------+-------+-------++-------
Melee: Flail             |   104 |   123 ||   227
       Bite              |    26 |    37 ||    63
  Eat: Chunk             |     2 |     6 ||     8
Armor: Scale mail        |    72 |   104 ||   176
Dodge: Dodged            |    49 |    74 ||   123
Block: Shield            |    97 |   108 ||   205
